 Dungeon Crawl Stone Soup version 0.29.1-1-gd02db6906a (webtiles) character file.

Game seed: 15548746192963402724

252 BillyBaka the Trooper (level 6, -5/39 HPs)
             Began as a Gargoyle Fighter on Sept 23, 2022.
             Killed by divine providence
             ... invoked by an orc priest
              (9 damage)
             ... on level 4 of the Dungeon.
             The game lasted 00:11:48 (2068 turns).

BillyBaka the Trooper (Gargoyle Fighter)            Turns: 2068, Time: 00:11:48

Health: -5/39      AC: 17    Str: 22    XL:     6   Next: 13%
Magic:  6/6        EV:  7    Int: 17    God:
Gold:   128        SH:  4    Dex:  9    Spells: 5/5 levels left

rFire   . . .      SeeInvis .   a - +0 war axe
rCold   . . .      Faith    .   c - +0 buckler
rNeg    + . .      Spirit   .   t - +4 chain mail "Dashrirum" {Int+3}
rPois   ∞          Reflect  .   (no helmet)
rElec   +          Harm     .   (no cloak)
rCorr   .          Rampage  .   (no gloves)
Will    .....                   (no boots)
Stlth   ..........              (no amulet)
HPRegen 0.13/turn               p - +6 ring of intelligence
MPRegen 0.10/turn               (no ring)

@: no status effects
A: sickness immunity, AC +4, negative energy resistance 1, electricity
resistance, torment resistance 1, petrification resistance
a: no special abilities


You were on level 4 of the Dungeon.
You visited 1 branch of the dungeon, and saw 4 of its levels.

You collected 128 gold pieces.

Inventory:

Hand Weapons
 a - a +0 war axe (weapon)
Missiles
 e - 9 poisoned darts (quivered)
Armour
 b - a +0 scale mail
 c - a +0 buckler (worn)
 t - the +4 chain mail "Dashrirum" (worn) {Int+3}
   (You found it on level 4 of the Dungeon)

   Int:       It affects your intelligence (+3).
Jewellery
 p - a +6 ring of intelligence (left hand)
Scrolls
 f - 2 scrolls of teleportation {unknown}
 j - 4 scrolls of identify {unknown}
 m - 2 scrolls of blinking {unknown}
 r - a scroll of summoning {unknown}
 s - a scroll of brand weapon {unknown}
Potions
 d - a potion of might
 g - 2 potions of degeneration {unknown}
 h - 2 potions of curing {unknown}
 i - 2 potions of heal wounds {unknown}
 k - a potion of brilliance {unknown}
 l - a potion of berserk rage {unknown}
 n - a potion of ambrosia {unknown}
 o - a potion of attraction {unknown}
 q - a potion of resistance {unknown}


   Skills:
 + Level 4.3 Fighting
 + Level 4.2 Axes
 + Level 4.2 Armour
 + Level 0.1 Stealth
 + Level 4.0 Shields


You had 5 spell levels left.
You didn't know any spells.
Your spell library contained the following spells:

 Spells                   Type           Power      Damage    Failure   Level
 Blink                    Tloc           0%         N/A       98%         2
 Dazzling Flash           Conj/Hex       0%         N/A       100%        3
 Iskenderun's Mystic Bla  Conj/Tloc      0%         2d3       100%        4
 Manifold Assault         Tloc           0%         N/A       100%        5
 Summon Forest            Summ/Tloc      0%         N/A       100%        5
 Summon Mana Viper        Hex/Summ       0%         N/A       100%        5
 Starburst                Conj/Fire      0%         6d3       100%        6
 Summon Cactus Giant      Summ           0%         N/A       100%        6
 Storm Form               Tmut/Air       0%         N/A       100%        7


Dungeon Overview and Level Annotations

Branches:
Dungeon (4/15)
 Temple: D:4-7

Altars:


Innate Abilities, Weirdness & Mutations

You are immune to sickness and miasma.
Your stone body is resilient. (AC +4)
You are immune to poison.
You resist negative energy. (rN+)
You are resistant to electric shocks. (rElec)
You are resistant to unholy torment.
You are immune to petrification.


Message History

The slug dart misses you. The hobgoblin hits you.
You slash the hobgoblin!
You kill the hobgoblin!
The dart slug launches a dart at you. The slug dart hits you.
You hit the dart slug but do no damage.
The dart slug bites you but does no damage.
You barely miss the dart slug. The dart slug launches a dart at you.
The slug dart misses you.
You slash the dart slug!
You kill the dart slug!
You see here a dart slug corpse.
You start resting.
An orc priest comes into view. It is wielding a +0 short sword.
Found a stone staircase leading down.
An orc priest comes into view. It is wielding a +0 whip.
The orc priest shouts!
You hear a shout!
The orc priest moves out of view.
The orc priest casts a cantrip, but nothing happens.
An orc comes into view. It is wielding a +0 club.
The orc priest hits you but does no damage.
The orc moves out of view.
You barely miss the orc priest.
An orc comes into view. It is wielding a +0 whip.
The orc priest calls down the wrath of Beogh upon you.
Beogh smites you!
The orc moves out of view.
You barely miss the orc priest.
The orc priest calls down the wrath of Beogh upon you.
Beogh smites you!
* * * LOW HITPOINT WARNING * * *
The orc priest looks satisfied for a moment.
An orc comes into view. It is wielding a +0 hand axe.
You completely miss the orc priest.
The orc priest hits you but does no damage. x2
You slash the orc priest!
The orc priest is heavily wounded.
The orc priest calls down the wrath of Beogh upon you.
Beogh smites you!
You die...

#.......##........##..
.....##..##...###...#
.....##...#.........##
.....................#
.....#..#...†........#
.......##.............
..................##.
....###..[...........
.... ##...o.@...#...
... ###.##o.### #.
#..o.... ..........
......##>### ..o.....
## ....... .###.##.


You could see 2 orc priests and 2 orcs.

Vanquished Creatures
  A scorpion (D:4)
  A hound (D:4)
  An orc wizard (D:4)
  6 adders
  3 worms
  3 dart slugs
  3 orcs
  5 bats
  5 endoplasms
  2 giant cockroaches (D:3)
  5 hobgoblins
  3 jackals (D:1)
  7 quokkas
  6 ball pythons
  3 frilled lizards
  5 goblins
  6 kobolds
  7 rats
72 creatures vanquished.

Notes
Turn   | Place    | Note
-------+----------+-------------------------------------------
     0 | D:1      | BillyBaka the Gargoyle Fighter began the quest for the Orb.
     0 | D:1      | Reached XP level 1. HP: 14/14 MP: 1/1
    78 | D:1      | Reached XP level 2. HP: 16/19 MP: 2/2
   628 | D:2      | Reached XP level 3. HP: 24/24 MP: 3/3
   999 | D:2      | Reached XP level 4. HP: 27/29 MP: 4/4
  1701 | D:3      | Reached XP level 5. HP: 32/33 MP: 5/5
  2008 | D:4      | Identified the +4 chain mail "Dashrirum" {Int+3}
  2014 | D:4      | Reached XP level 6. HP: 35/39 MP: 6/6
  2068 | D:4      | Killed from afar by an orc priest

Illustrated notes

Levels and vault maps discovered:
D:1:      kennysheep_arrival_forest, layout_basic, serial_glass,
          glass_columns_c, glass_columns_a, kennysheep_crisscross
D:2:      layout_rooms, kennysheep_another_room
D:3:      layout_basic, dreamdust_mushroom_princess
D:4:      layout_cave_pools, fountainhead

Skill      XL: |  1  2  3  4  5 |
---------------+----------------+-----
Axes           | 2 3 4 |  4.2
Fighting       | 4 |  4.3
Armour         | 4 |  4.2
Shields        | 4 |  4.0
Stealth        | |  0.1

Action                   |  1- 3 |  4- 6 || total
-------------------------+-------+-------++-------
Melee: War axe           |    75 |   125 ||   200
Armor: Scale mail        |    49 |    71 ||   120
       Chain mail        |       |     4 ||     4
Dodge: Dodged            |    32 |    55 ||    87
Block: Buckler           |    13 |    34 ||    47
